 Dungeon Crawl Stone Soup version 0.31-a0-640-g39d97e502b (webtiles) character file.

Game seed: 8265363621173760762

664 qw the Shooter (level 7, -3/43 HPs)
             Began as a Gargoyle Hunter on Aug 27, 2023.
             Killed by divine providence
             ... invoked by an orc priest
              (12 damage)
             ... on level 4 of the Dungeon.
             The game lasted 00:01:31 (3062 turns).

qw the Shooter (Gargoyle Hunter)                    Turns: 3062, Time: 00:01:31

Health: -3/43      AC: 15    Str: 14    XL:     7   Next: 57%
Magic:  7/7        EV: 12    Int: 10    God:
Gold:   149        SH:  0    Dex: 15    Spells: 6/6 levels left

rFire   + . .        Y - +0 shortbow
rCold   . . .        (shield currently unavailable)
rNeg    + . .        d - +0 leather armour {rF+}
rPois   inf          a - +2 helmet
rElec   +            (no cloak)
rCorr   .            b - +2 pair of gloves
SInv    .            h - +0 pair of boots
Will    .....        (no amulet)
Stlth   ++           (no ring)
HPRegen 0.27/turn    (no ring)
MPRegen 0.10/turn

%: no passive effects
@: no status effects
A: sickness immunity, AC +4, negative energy resistance 1, electricity
resistance, torment resistance 1, petrification resistance
a: no special abilities


You were on level 4 of the Dungeon.
You visited 1 branch of the dungeon, and saw 4 of its levels.

You collected 149 gold pieces.


Innate Abilities, Weirdness & Mutations

You are immune to sickness and miasma.
Your stone body is resilient. (AC +4)
You are immune to poison.
You resist negative energy. (rN+)
You are resistant to electric shocks. (rElec)
You are resistant to unholy torment.
You are immune to petrification.


   Skills:
 - Level 4.2 Fighting
 + Level 7.9 Ranged Weapons
 - Level 1.7 Armour
 - Level 2.1 Dodging
 - Level 1.1 Stealth


You had 6 spell levels left.
You didn't know any spells.
Your spell library was empty.

Inventory:

Hand Weapons
 Y - a +0 shortbow (weapon)
Armour
 a - a +2 helmet (worn)
 b - a +2 pair of gloves (worn)
 d - a +0 leather armour of fire resistance (worn)
 h - a +0 pair of boots (worn)
 o - the +1 robe of Too Many Cooks {Slay+2 Archmagi}
   (You found it on level 3 of the Dungeon)

   Slay+2:    It affects your accuracy & damage with ranged weapons and melee
   (+2).
   Archmagi:  It increases the power of your magical spells.
Potions
 e - 2 potions of might
 f - a potion of curing {unknown}
 i - a potion of haste
 j - a potion of degeneration {unknown}
 k - a potion of invisibility {unknown}
 m - a potion of enlightenment {unknown}
 p - a potion of mutation {unknown}

Dungeon Overview and Level Annotations

Branches:
Dungeon (4/15)
 Temple: D:4-7

Altars:
Kikubaaqudgha
Trog
Uskayaw

Annotations:
D:3 2 transporters, qw's ghost, amateur GrHs


Message History

The kobold completely misses you. The goblin hits you but does no damage.
You shoot an arrow. The arrow hits the kobold!
You kill the kobold!
The goblin closely misses you.
You shoot an arrow. The arrow barely misses the goblin.
The goblin barely misses you. The orc hits you but does no damage.
An orc priest comes into view.
It is wielding a +2 flail of holy wrath.
3054 ||| Stepping ~*~*~tactically~*~*~ (outnumbered).
The goblin attacks as it pursues you! The goblin barely misses you.
The orc misses you.
You shoot an arrow. The arrow hits the goblin!
You kill the goblin!
You hear a shout!
The orc barely misses you.
You shoot an arrow.
The arrow hits the orc but does no damage.
The orc hits you but does no damage. The orc hits you with a +0 whip.
You shoot an arrow. The arrow hits the orc.
The orc is severely wounded.
The orc hits you but does no damage. The orc hits you with a +0 whip.
The orc closely misses you. The orc hits you but does no damage.
You shoot an arrow. The arrow hits the orc!
You kill the orc!
The orc hits you but does no damage. x2
You shoot an arrow. The arrow hits the orc!
You kill the orc!
The kobold hits you but does no damage. The orc hits you with a +0 whip.
You shoot an arrow. The orc priest shouts!
The arrow hits the kobold.
You kill the kobold!
The orc barely misses you.
You shoot an arrow. The arrow hits the orc.
The orc is heavily wounded.
You shoot an arrow. The arrow barely misses the orc.
A goblin comes into view. It is wielding a +0 dagger.
The orc hits you with a +0 hand axe.
The orc priest mumbles some strange prayers to Beogh against you.
Beogh smites you!
You die...

#.7.7#.~~
#~.7...~~
#####...~~ #
#...~..~7~ #. ####
##..~...7.. ...
..######..#.7.7~~.
....
#.#......#####.#.)
o..K #.#.######
#.... #..#@...#
###). #ooo)..#
####.. #..%)..+
.....%. #......#
#...... #......#
#....... #......#
#....... #.......
...###.. ....g....
... #..
........... ##.


You could see an orc priest, 2 orcs and a goblin (wandering).

Vanquished Creatures
  A steam dragon (D:4)
  Pargi (D:4)
  A gnoll bouda (D:4)
  A jelly (D:3)
  An orc priest (D:2)
  A hound (D:4)
  Jessica (D:2)
  2 iguanas (D:4)
  Natasha (thrice) (D:2)
  Robin (D:2)
  3 adders
  3 gnolls (D:4)
  4 worms
  2 dart slugs
  12 orcs
  5 ball pythons
  3 endoplasms
  A giant cockroach (D:1)
  11 goblins
  7 hobgoblins
  6 jackals (D:1)
  4 kobolds
  8 bats
  6 frilled lizards
  A rat (D:3)
89 creatures vanquished.

Notes
Turn   | Place    | Note
-------+----------+-------------------------------------------
     0 | D:1      | qw the Gargoyle Hunter began the quest for the Orb.
     0 | D:1      | Reached XP level 1. HP: 12/12 MP: 1/1
     0 | D:1      | 0 ||| qw: Version: 0.3-a-74-g0d5e918
     0 | D:1      | 0 ||| qw: Game counter: 169
     0 | D:1      | 0 ||| qw: Melee chars always use a shield: true
     0 | D:1      | 0 ||| qw: God list: Okawaru
     0 | D:1      | 0 ||| qw: Allow faded altars: false
     0 | D:1      | 0 ||| qw: Do Orc after clearing Dungeon:15 true
     0 | D:1      | 0 ||| qw: Do second Lair branch before Depths: true
     0 | D:1      | 0 ||| qw: Lair rune preference: random
     0 | D:1      | 0 ||| qw: Goals: Normal
     0 | D:1      | 0 ||| PLANNING D:1-11
    91 | D:1      | HP: 3/12 [jackal (1)]
    94 | D:1      | Reached XP level 2. HP: 5/17 MP: 2/2
   711 | D:1      | 711 ||| UPGRADING to +0 pair of boots.
   716 | D:1      | 716 ||| READING scroll labelled TEICA TUPSIDD.
   717 | D:1      | 717 ||| DRINKING 2 red potions.
   718 | D:1      | 718 ||| DROPPING scroll of butterflies.
   780 | D:2      | Reached XP level 3. HP: 21/21 MP: 3/3
   803 | D:2      | Reached skill level 5 in Ranged Weapons
   841 | D:2      | Noticed Jessica
   845 | D:2      | 845 ||| FLEEEEING.
   846 | D:2      | 846 ||| FLEEEEING.
   847 | D:2      | 847 ||| FLEEEEING.
   848 | D:2      | 848 ||| FLEEEEING.
   849 | D:2      | 849 ||| FLEEEEING.
   850 | D:2      | 850 ||| FLEEEEING.
   851 | D:2      | 851 ||| FLEEEEING.
   852 | D:2      | 852 ||| FLEEEEING.
   853 | D:2      | 853 ||| FLEEEEING.
   854 | D:2      | 854 ||| FLEEEEING.
   855 | D:2      | 855 ||| FLEEEEING.
   856 | D:2      | 856 ||| FLEEEEING.
   857 | D:2      | 857 ||| FLEEEEING.
   858 | D:2      | 858 ||| FLEEEEING.
   859 | D:2      | 859 ||| FLEEEEING.
   860 | D:2      | 860 ||| FLEEEEING.
   861 | D:2      | 861 ||| FLEEEEING.
   873 | D:2      | Killed Jessica
   874 | D:2      | Reached skill level 3 in Fighting
   874 | D:2      | Reached XP level 4. HP: 24/28 MP: 4/4
   897 | D:2      | Noticed Robin
   914 | D:2      | Killed Robin
   924 | D:2      | HP: 7/28 [hobgoblin[Robin] (2)]
   925 | D:2      | 925 ||| DRINKING potion of heal wounds.
  1018 | D:2      | Noticed Natasha
  1026 | D:2      | Killed Natasha
  1027 | D:2      | Reached XP level 5. HP: 25/32 MP: 5/5
  1057 | D:2      | Noticed Natasha
  1058 | D:2      | 1058 ||| FLEEEEING.
  1068 | D:2      | Killed Natasha
  1246 | D:2      | 1246 ||| UPGRADING to +2 helmet.
  1251 | D:2      | 1251 ||| UPGRADING to +0 pair of gloves.
  1256 | D:2      | 1256 ||| DRINKING 3 murky golden potions.
  1300 | D:2      | Reached skill level 1 in Armour
  1312 | D:2      | Noticed Natasha
  1322 | D:2      | Killed Natasha
  1323 | D:2      | Reached skill level 6 in Ranged Weapons
  1620 | D:2      | 1620 ||| UPGRADING to +0 leather armour of fire resistance.
  1630 | D:2      | 1630 ||| DROPPING +0 leather armour.
  1631 | D:2      | 1631 ||| READING scroll labelled TOWKOSH TEANAEV.
  1632 | D:2      | 1632 ||| DRINKING 2 puce potions.
  1769 | D:3      | Reached XP level 6. HP: 37/37 MP: 6/6
  1794 | D:3      | Identified the +1 robe of Too Many Cooks {Slay+2 Archmagi}
  1805 | D:3      | Found a hide-covered altar of Uskayaw.
  1876 | D:3      | Found a transporter.
  1878 | D:3      | Found a transporter.
  1878 | D:3      | Noticed qw's ghost (amateur GrHs)
  1878 | D:3      | Noticed a black bear
  2181 | D:3      | Found a bloodstained altar of Trog.
  2512 | D:3      | 2512 ||| READING scroll labelled WIQUEG IFUUM.
  2513 | D:3      | 2513 ||| READING 3 scrolls labelled KUFASI ICYLECS.
  2514 | D:3      | 2514 ||| READING 2 scrolls of enchant armour.
  2514 | D:3      | 2514 ||| ENCHANTING +0 pair of gloves.
  2515 | D:3      | 2515 ||| READING scroll of enchant armour.
  2515 | D:3      | 2515 ||| ENCHANTING +1 pair of gloves.
  2516 | D:3      | 2516 ||| DRINKING 2 bubbling clear potions.
  2517 | D:3      | 2517 ||| DROPPING potion of attraction.
  2583 | D:4      | 2583 ||| STAIRDANCE
  2625 | D:4      | Noticed a steam dragon
  2626 | D:4      | 2626 ||| Stepping ~*~*~tactically~*~*~ (retreating).
  2662 | D:4      | Killed a steam dragon
  2663 | D:4      | Reached skill level 7 in Ranged Weapons
  2663 | D:4      | Reached XP level 7. HP: 14/43 MP: 7/7
  2666 | D:4      | 2666 ||| FLEEEEING.
  2667 | D:4      | 2667 ||| FLEEEEING.
  2680 | D:4      | 2680 ||| FLEEEEING.
  2686 | D:4      | 2686 ||| STAIRDANCE
  2842 | D:4      | 2842 ||| Stepping ~*~*~tactically~*~*~ (water).
  2858 | D:4      | Found an ancient bone altar of Kikubaaqudgha.
  2871 | D:4      | 2871 ||| Stepping ~*~*~tactically~*~*~ (outnumbered).
  2875 | D:4      | 2875 ||| Stepping ~*~*~tactically~*~*~ (retreating).
  2876 | D:4      | 2876 ||| Stepping ~*~*~tactically~*~*~ (retreating).
  2878 | D:4      | 2878 ||| Stepping ~*~*~tactically~*~*~ (retreating).
  2879 | D:4      | 2879 ||| Stepping ~*~*~tactically~*~*~ (retreating).
  2880 | D:4      | 2880 ||| Stepping ~*~*~tactically~*~*~ (retreating).
  2886 | D:4      | HP: 8/43 [gnoll bouda/+0 club (5)]
  2887 | D:4      | 2887 ||| DRINKING 2 potions of heal wounds.
  2901 | D:4      | HP: 9/43 [gnoll/+0 halberd[a gnoll bouda] (4)]
  2902 | D:4      | 2902 ||| DRINKING potion of heal wounds.
  3024 | D:4      | Noticed Pargi
  3042 | D:4      | Killed Pargi
  3054 | D:4      | 3054 ||| Stepping ~*~*~tactically~*~*~ (outnumbered).
  3059 | D:4      | HP: 9/43 [orc/+0 whip (3)]
  3062 | D:4      | Killed from afar by an orc priest

Levels and vault maps discovered:
D:1:      eino_arrival_cavern_a, layout_loops_ring, minivault_14
D:2:      cheibrodos_pilgrimage, layout_basic, minmay_pentomino_r2,
          uniq_jessica, uniq_natasha, uniq_robin
D:3:      layout_basic, mainiacjoe_overflow_catwalk,
          lemuel_coloured_pillars_altar, gammafunk_ghost_arena,
          minmay_misc_feat_x
D:4:      layout_rooms, kennysheep_ying_yang, lemuel_doored_altar,
          serial_rivers, chequers_serial_rivers_room_b,
          chequers_serial_rivers_large_b, chequers_serial_rivers_small_3,
          chequers_serial_rivers_marsh, chequers_serial_rivers_small_b,
          chequers_serial_rivers_marsh, kennysheep_small_square, uniq_pargi,
          uniq_ijyb

Skill      XL: |  1  2  3  4  5  6  7 |
---------------+----------------------+-----
Ranged Weapons | 5 6 7 |  7.9
Fighting       | 3 4 |  4.2
Armour         | 1 |  1.7
Dodging        | 2 |  2.1
Stealth        | |  1.1

Action                     |  1- 3 |  4- 6 |  7- 9 || total
---------------------------+-------+-------+-------++-------
   Fire: Shortbow          |    88 |   190 |    84 ||   362
    Use: Potion            |     1 |     4 |     2 ||     7
         Scroll            |     1 |     5 |       ||     6
 Armour: Leather armour    |    28 |    44 |    75 ||   147
         Skin              |     2 |       |       ||     2
  Dodge: Dodged            |    48 |    82 |   100 ||   230

Table legend:
 A = Non-vault XP
 B = Vault XP
 C = Vault XP percentage of total XP
 D = Non-vault monster count
 E = Vault monster count
 F = Vault count percentage of total count
                 A         B        C        D         E       F
            +---------+---------+-------+---------+---------+-------
      Total |     645 |     304 |  32.0 |      67 |      22 |  24.7
            +---------+---------+-------+---------+---------+-------
        D:1 |      31 |       0 |   0.0 |      17 |       0 |   0.0
        D:2 |     102 |     170 |  62.5 |      11 |      21 |  65.6
        D:3 |      90 |       0 |   0.0 |      19 |       0 |   0.0
        D:4 |     422 |     134 |  24.1 |      20 |       1 |   4.8
            +---------+---------+-------+---------+---------+-------
